 Dungeon Crawl Stone Soup version 0.32-a0-747-gc8563f6773 (webtiles) character file.

Game seed: 9611564262608599852

72 pokeman the Magician (level 4, -2/25 HPs)
             Began as a Deep Elf Hedge Wizard on Mar 17, 2024.
             Slain by a ribbon worm (8 damage)
             ... on level 2 of the Dungeon.
             The game lasted 00:02:59 (2171 turns).

pokeman the Magician (Deep Elf Hedge Wizard)        Turns: 2171, Time: 00:03:00

Health: -2/25      AC:  2    Str:  7    XL:     4   Next: 7%
Magic:  13/13      EV: 11    Int: 21    God:
Gold:   79         SH:  0    Dex: 14    Spells: 6/14 levels left

rFire   . . .        a - +0 dagger
rCold   . . .        (no shield)
rNeg    . . .        b - +0 robe
rPois   .            c - +0 hat
rElec   .            (no cloak)
rCorr   .            (no gloves)
SInv    .            (no boots)
Will    .....        n - amulet of magic regeneration
Stlth   ++           (no ring)
HPRegen 0.24/turn    (no ring)
MPRegen 0.53/turn

%: no passive effects
@: lethally poisoned (-2 -> -5), very slightly contaminated
A: no striking features
a: no special abilities


You were on level 2 of the Dungeon.
You visited 1 branch of the dungeon, and saw 2 of its levels.

You collected 79 gold pieces.

Inventory:

Hand Weapons
 a - a +0 dagger (weapon)
Armour
 b - a +0 robe (worn)
 c - a +0 hat (worn)
Jewellery
 n - an amulet of magic regeneration (around neck)
Scrolls
 f - 4 scrolls of teleportation {unknown}
 h - a scroll of immolation {unknown}
 i - 4 scrolls of identify {unknown}
 j - a scroll of noise {unknown}
 l - a scroll of torment {unknown}
Potions
 d - a potion of magic
 e - 2 potions of heal wounds {unknown}
 g - a potion of resistance {unknown}
 k - a potion of curing {unknown}
 m - a potion of brilliance {unknown}
 o - a potion of lignification {unknown}


   Skills:
 - Level 1.0 Fighting
 - Level 1.0 Armour
 + Level 2.5 Dodging
 + Level 2.6 Stealth
 * Level 5.5 Spellcasting
 + Level 2.0 Conjurations
 - Level 1.1 Summonings
 - Level 1.1 Translocations


You had 6 spell levels left.
You knew the following spells:

 Your Spells              Type           Power      Damage    Failure   Level
a - Magic Dart            Conj           56%        1d5       4%          1
b - Mephitic Cloud        Conj/Alch/Air  8%         N/A       24%         3
c - Call Imp              Summ           20%        N/A       10%         2
d - Blink                 Tloc           20%        N/A       10%         2

Your spell library contained the following spells:

 Spells                   Type           Power      Damage    Failure   Level
 Slow                     Hex            20%        N/A       11%         1
 Cigotuvi's Dreadful Rot  Necr/Alch/Air  10%        N/A       16%         2
 Sublimation of Blood     Necr           5%         N/A       16%         2
 Petrify                  Alch/Erth      5%         N/A       71%         4
 Irradiate                Conj/Alch      5%         3d13      88%         5


Dungeon Overview and Level Annotations

Branches:
Dungeon (2/15)

Altars:


Message History

Confirm with . or Enter, or press ? or * to list all spells.
Aiming: Mephitic Cloud (extremely dangerous; 24% risk of failure)
Press: ? - help, Shift-Dir - straight line, f/p - ribbon worm
Aim: a ribbon worm (chance to affect: 81%)
You miscast Mephitic Cloud.
You are very lightly contaminated with residual magic.
Nothing appears to happen.
The ribbon worm expels a string of sticky webbing.
The stream of webbing hits you but does no damage.
You are caught in a web!
Unknown command.
The web tears apart.
The ribbon worm attacks as it pursues you!
The ribbon worm bites you.
The ribbon worm expels a string of sticky webbing.
The stream of webbing hits you but does no damage.
You are caught in a web!
There is a web here.
Casting: Mephitic Cloud (extremely dangerous; 24% risk of failure)
Confirm with . or Enter, or press ? or * to list all spells.
Aiming: Mephitic Cloud (extremely dangerous; 24% risk of failure)
Press: ? - help, Shift-Dir - straight line, f/p - ribbon worm
Aim: a ribbon worm (chance to affect: 81%)
You miscast Mephitic Cloud.
You are engulfed in toxic fumes.
You are poisoned.
You feel very sick.
The web tears apart.
You feel very sick. The ribbon worm bites you.
You feel sick.
You feel sick.
The ribbon worm expels a string of sticky webbing.
The stream of webbing hits you but does no damage.
You are caught in a web!
There is a web here.
The web tears apart.
You feel sick.
The ribbon worm bites you but does no damage.
You feel sick.
The ribbon worm attacks as it pursues you!
The ribbon worm bites you!
You die...

#.# #########.# ######
..........# ......####
########..# ..†......###
#..# ...†.###.†.##
#..##### .... ###..###
#########....... ..$
##..w####...............
..
#..w.w@..########.#.#<#
.
##.###...<.............
#.###...####.#####.#.#
#.......# #....
#.####.## ###.# #.# #.#
#.# ##.####.# #.#
#...>...# #.#
##..####.###############


You could see 2 ribbon worms and a dart slug.

Vanquished Creatures
  2 adders (D:2)
  A dart slug (D:1)
  A ribbon worm (D:2)
  4 ball pythons
  7 endoplasms
  2 giant cockroaches (D:2)
  3 goblins
  4 hobgoblins
  4 jackals (D:2)
  7 kobolds
  4 quokkas
  2 bats (D:1)
  3 frilled lizards (D:1)
  3 rats (D:1)
47 creatures vanquished.

Notes
Turn   | Place    | Note
-------+----------+-------------------------------------------
     0 | D:1      | pokeman the Deep Elf Hedge Wizard began the quest for the
                  | Orb.
     0 | D:1      | Reached XP level 1. HP: 10/10 MP: 7/7
   336 | D:1      | Reached XP level 2. HP: 16/16 MP: 7/9
   353 | D:1      | Found a faded altar of an unknown god.
   876 | D:1      | Reached skill level 5 in Spellcasting
  1329 | D:2      | Reached XP level 3. HP: 20/20 MP: 11/11
  1333 | D:2      | Learned a level 3 spell: Mephitic Cloud
  1336 | D:2      | Learned a level 2 spell: Call Imp
  1339 | D:2      | Learned a level 2 spell: Blink
  1513 | D:2      | Reached skill level 1 in Fighting
  1693 | D:2      | Reached skill level 1 in Armour
  2124 | D:2      | Reached XP level 4. HP: 25/25 MP: 10/13
  2171 | D:2      | Slain by a ribbon worm

Illustrated notes

Levels and vault maps discovered:
D:1:      dpeg_arrival_more_subterranean_lakeside_camping, layout_loops_cross,
          nicolae_ecumenical_snake_handling, minmay_misc_feat_plants
D:2:      minmay_recursive_quarters, layout_loops_ring,
          minmay_randomly_rotated_circles

Skill      XL: |  1  2  3 |
---------------+----------+-----
Spellcasting   | 5 |  5.5
Fighting       | 1 |  1.0
Armour         | 1 |  1.0
Conjurations   | 2 |  2.0
Dodging        | |  2.5
Stealth        | |  2.6
Summonings     | |  1.1
Translocations | |  1.1

Action                     |  1- 3 |  4- 6 || total
---------------------------+-------+-------++-------
  Melee: Dagger            |    25 |    20 ||    45
   Cast: Magic Dart        |   113 |     4 ||   117
         Mephitic Cloud    |     1 |       ||     1
         Call Imp          |       |     1 ||     1
   Stab: Sleeping          |     1 |       ||     1
         Confused          |     1 |       ||     1
 Armour: Robe              |    21 |    16 ||    37
  Dodge: Dodged            |    23 |    16 ||    39

Table legend: (Time is in decaauts)
 A = Elapsed time spent in this place.
 B = Non-inter-level travel time spent in this place.
 C = Inter-level travel time spent in this place.
 D = Time resting spent in this place.
 E = Time spent auto-exploring this place.
 F = Levels seen in this place.
 G = Mean time per level.
                   A        B        C        D        E       F      G
               +--------+--------+--------+--------+--------+-----+--------+
         Total |   2171 |   2132 |     39 |      0 |   1848 |   2 | 1085.5 |
       Dungeon |   2171 |   2132 |     39 |      0 |   1848 |   2 | 1085.5 |
               +--------+--------+--------+--------+--------+-----+--------+

Top non-repeatable levels by time:
     D:1: 1327 daAuts
     D:2: 843 daAuts
